 Dungeon Crawl Stone Soup version 0.29.0-15-g675c0067aa (webtiles) character file.

Game seed: 10423174242397344237

9 qw the Sneak (level 2, 0/19 HPs)
             Began as a Gargoyle Delver on Sept 11, 2022.
             Slain by a phantom (3 damage)
             ... on level 5 of the Dungeon.
             The game lasted 00:00:02 (111 turns).

qw the Sneak (Gargoyle Delver)                       Turns: 111, Time: 00:00:03

Health: 0/19       AC:  5    Str: 15    XL:     2   Next: 12%
Magic:  2/2        EV: 11    Int: 10    God:
Gold:   31         SH:  0    Dex: 11    Spells: 1/1 levels left

rFire   . . .      SeeInvis .   h - +0 war axe
rCold   . . .      Faith    .   (no shield)
rNeg    + . .      Spirit   .   b - +0 leather armour
rPois   inf        Reflect  .   (no helmet)
rElec   +          Harm     .   (no cloak)
rCorr   .          Rampage  .   (no gloves)
Will    .....                   (no boots)
Stlth   +++.......              (no amulet)
HPRegen 0.06/turn               (no ring)
MPRegen 0.08/turn               (no ring)

@: no status effects
A: sickness immunity, AC +2, negative energy resistance 1, electricity
resistance, torment resistance 1, petrification resistance
a: no special abilities


You were on level 5 of the Dungeon.
You visited 1 branch of the dungeon, and saw 1 of its levels.

You collected 31 gold pieces.


Innate Abilities, Weirdness & Mutations

You are immune to sickness and miasma.
Your stone body is resilient. (AC +2)
You are immune to poison.
You resist negative energy. (rN+)
You are resistant to electric shocks. (rElec)
You are resistant to unholy torment.
You are immune to petrification.


   Skills:
 - Level 3.2 Fighting
 + Level 2.5 Axes
 - Level 1.5 Dodging
 - Level 5.4 Stealth


You had one spell level left.
You didn't know any spells.
Your spell library was empty.

Inventory:

Hand Weapons
 a - a +0 mace
 h - a +0 war axe (weapon)
Armour
 b - a +0 leather armour (worn)
Jewellery
 i - a ring of protection from cold
Wands
 g - a wand of digging (3)
Scrolls
 c - a scroll of fog
 d - a scroll of magic mapping
 e - a scroll of fear
Potions
 f - a potion of haste

Dungeon Overview and Level Annotations

Branches:
Dungeon (5/15)
 Temple: D:4-7

Altars:
Dithmenos


Message History

Welcome, qw the Gargoyle Delver.
You feel drawn to the Orb of Zot, downwards into the unfathomable depths...
Press ? for a list of commands and other information.
Found a book of Lightning and a war axe.
Found a shadowy altar of Dithmenos.
Found a stone staircase leading down.
Assign waypoint to what number? (0-9) Waypoint 2 assigned to D:5.
0 ||| PLANNING D:1-11
Found 3 poisoned darts.
h - a +0 war axe An adder comes into view.
Found 14 gold pieces.
12 ||| SWAPPING to +0 war axe.
h - a +0 war axe (weapon)
The adder hisses angrily.
You slash the adder!
You kill the adder!
Your Axes skill increases to level 2!
You have reached level 2!
24 ||| DROPPING +0 hand axe.
You drop a +0 hand axe.
a - a +0 mace You now have 14 gold pieces.
You now have 22 gold pieces (gained 8).
i - a ring of protection from cold
Enter note: You now have 31 gold pieces (gained 9).
A phantom comes into view.
Enter note:
Enter note: You hit the phantom but do no damage.
The phantom hits you. x2; The phantom blinks!
You blink.
You hit the phantom.
The phantom is moderately damaged.
The phantom hits you.
The phantom blinks!
You blink.
You hit the phantom.
The phantom is moderately damaged.
The phantom hits you.
The phantom blinks!
You blink.
The phantom hits you.
You die...

#.# #.#
#..###### #.#
#......@# #.#
##.####W# .##
#.# #.# ..#
#.# #.# #.#
#.# #.## #
##.####.###
#¤##.#
#..........
#¤##.#
#..####.###
#.#.#.##..#
#.### #..#
#.#..####....


You could see a phantom.

Vanquished Creatures
  An adder (D:5)
1 creature vanquished.

Notes
Turn   | Place    | Note
-------+----------+-------------------------------------------
     0 | D:5      | qw the Gargoyle Delver began the quest for the Orb.
     0 | D:5      | Reached XP level 1. HP: 14/14 MP: 1/1
     0 | D:5      | 0 ||| qw: Version: 0.1-a-117-gfe26ee0
     0 | D:5      | 0 ||| qw: Game counter: 10181
     0 | D:5      | 0 ||| qw: Always use a shield: true
     0 | D:5      | 0 ||| qw: God list: Okawaru
     0 | D:5      | 0 ||| qw: Allow faded altars: false
     0 | D:5      | 0 ||| qw: Do Orc after D:15 true
     0 | D:5      | 0 ||| qw: Do second Lair branch before Depths: true
     0 | D:5      | 0 ||| qw: Lair rune preference: random
     0 | D:5      | 0 ||| qw: Plans: Normal
     0 | D:5      | 0 ||| PLANNING D:1-11
    12 | D:5      | 12 ||| SWAPPING to +0 war axe.
    24 | D:5      | Reached XP level 2. HP: 19/19 MP: 2/2
    24 | D:5      | 24 ||| DROPPING +0 hand axe.
   101 | D:5      | Noticed a phantom
   110 | D:5      | HP: 4/19 [phantom (6)]
   111 | D:5      | Slain by a phantom

Levels and vault maps discovered:
D:5:      layout_loops_ring, mainiacjoe_overflow_surrounded_room,
          mainiacjoe_overflow_catwalk, ebering_ghost_sewer_f

Skill      XL: |  1 |
---------------+----+-----
Axes           | 2 |  2.5
Fighting       | |  3.2
Dodging        | |  1.5
Stealth        | |  5.4

Action                   || total
-------------------------++-------
Melee: War axe           ||     4

Table legend:
 A = Non-vault XP
 B = Vault XP
 C = Vault XP percentage of total XP
 D = Non-vault monster count
 E = Vault monster count
 F = Vault count percentage of total count
                 A         B        C        D         E       F
            +---------+---------+-------+---------+---------+-------
      Total |      13 |       0 |   0.0 |       1 |       0 |   0.0
            +---------+---------+-------+---------+---------+-------
        D:5 |      13 |       0 |   0.0 |       1 |       0 |   0.0
            +---------+---------+-------+---------+---------+-------
